cohdb
Replays
Latest Replays
All Replays
Popular Replays
Top Player Replays
Match Explorer
How It Works
Community
CoH3 Stats
Reddit
Sign in to upload your games and track your stats! →
Sign in with Steam
Match 25433361
Unlisted
Match 25433361
Overview
Messages
Build Orders
End
Kettenkrad Recon Vehicle
Construct Infanterie Kompanie
MG 42 Machine Gun Team
Grenadier Squad
GrW 34 Mortar Team
Grenadier Squad
Construct Panzergrenadier Kompanie
GrW 34 Mortar Team
251 Medium Carrier
Selects Breakthrough Battlegroup
Selects Assault Grenadiers
Selects Smoke Bombing Run
Selects Incendiary Bombing Run
Pak 40 Anti-tank Gun Team
Support Elements
Pak 40 Anti-tank Gun Team
Fabius Maximus
UH|BluEskY
UH|dun! ツ
Sir. Brezhnev
Blue Dragon
Karma
0
0
Comments
sign in to comment!
No comments posted yet!